 Dungeon Crawl Stone Soup version 0.30.1-11-g7821555f0a (webtiles) character file.

Game seed: 1901743349657088608

46766 Peloso the Fencer (level 14, 0/132 HPs)
             Began as a Minotaur Fighter on Nov 8, 2023.
             Was a High Priest of Okawaru.
             Shot with an arrow by Nessos (23 damage)
             ... on level 2 of the Orcish Mines.
             The game lasted 00:44:17 (19728 turns).

Peloso the Fencer (Minotaur Fighter)               Turns: 19728, Time: 00:44:17

Health: 0/132      AC: 18    Str: 23    XL:     14   Next: 6%
Magic:  7/7        EV: 11    Int:  8    God:    Okawaru [*****.]
Gold:   861        SH: 19    Dex: 13    Spells: 13/13 levels left

rFire   + + .        a - +6 double sword of Valiance {pain, rElec Will+++ MP-9 Int+3}
rCold   . . .        d - +2 kite shield {rF+}
rNeg    . . .        A - +2 chain mail {rF+}
rPois   +            (helmet restricted)
rElec   +            (no cloak)
rCorr   .            C - +0 pair of gloves of the Griffon {-Cast rElec rPois SInv}
SInv    +            t - +0 pair of boots
Will    ++++.        B - amulet of reflection Stlth
                     (no ring)
HPRegen 0.42/turn    Y - ring of flight
MPRegen 0.10/turn

%: no spellcasting, reflection
@: flying
A: horns 2, retaliatory headbutt
a: Renounce Religion, Heroism, Finesse, Duel


You were on level 2 of the Orcish Mines.
You worshipped Okawaru.
Okawaru was extremely pleased with you.
You visited 4 branches of the dungeon, and saw 19 of its levels.
You visited 1 bazaar.
You also visited: Bailey and Volcano.

You collected 1958 gold pieces.
You spent 1097 gold pieces at shops.

Inventory:

Hand Weapons
 a - the +6 double sword of Valiance (weapon) {pain, rElec Will+++ MP-9 Int+3}
   (Okawaru gifted it to you on level 2 of the Lair of Beasts)

   Int:       It affects your intelligence (+3).
   rElec:     It insulates you from electricity.
   MP:        It affects your magic capacity (-9).
   Will:      It greatly increases your willpower.
 b - a +4 long sword
 G - a +1 whip of flaming
Missiles
 V - 4 throwing nets (quivered)
Armour
 c - a +2 chain mail of cold resistance
 d - a +2 kite shield of fire resistance (worn)
 t - a +0 pair of boots (worn)
 A - a +2 chain mail of fire resistance (worn)
 C - the +0 pair of gloves of the Griffon (worn) {-Cast rElec rPois SInv}
   (You bought it in a shop in a bazaar)

   rElec:     It insulates you from electricity.
   rPois:     It protects you from poison.
   SInv:      It lets you see invisible.
   -Cast:     It prevents spellcasting.
 X - the +2 pair of gloves of Imeedapp {rElec Regen+ Int-4 Stlth-}
   (Okawaru gifted it to you on level 3 of the Lair of Beasts)

   Int:       It affects your intelligence (-4).
   rElec:     It insulates you from electricity.
   Regen:     It increases your rate of health regeneration.
   Stlth:     It makes you less stealthy.
 Z - +0 fire dragon scales
Jewellery
 e - an amulet of regeneration
 f - a ring of ice
 v - an amulet of guardian spirit
 z - a ring of fire
 B - an amulet of reflection (around neck)
 I - a +6 ring of intelligence
 S - an amulet of the acrobat
 Y - a ring of flight (right hand)
Wands
 l - a wand of quicksilver (12)
 q - a wand of polymorph (20)
 x - a wand of flame (54)
 y - a wand of paralysis (14)
 K - a wand of roots (14)
 L - a wand of mindburst (11)
 R - a wand of digging (11)
Scrolls
 g - 6 scrolls of blinking
 i - 7 scrolls of teleportation
 o - 3 scrolls of brand weapon
 s - 2 scrolls of immolation
 E - 2 scrolls of fog
 H - 4 scrolls of poison
 J - a scroll of enchant weapon
 M - a scroll of silence
 N - a scroll of fear
 O - 2 scrolls of enchant armour
 Q - a scroll of acquirement
 T - a scroll of magic mapping
 U - 2 scrolls of identify
Potions
 h - 4 potions of mutation
 j - 4 potions of cancellation
 k - 5 potions of brilliance
 m - 7 potions of curing
 n - 2 potions of ambrosia
 p - a potion of invisibility
 r - 3 potions of flight
 u - 8 potions of might
 w - 3 potions of haste
 D - 5 potions of heal wounds
 F - a potion of magic
Miscellaneous
 P - a phantom mirror
 W - a lightning rod (4/4)


   Skills:
 + Level 14.0 Fighting
 + Level 16.5 Long Blades
 + Level 1.4 Maces & Flails
 + Level 14.0 Armour
 + Level 6.5 Dodging
 + Level 2.1 Stealth
 + Level 12.3 Shields
 + Level 4.3 Invocations
 + Level 1.1 Evocations


You had 13 spell levels left.
You didn't know any spells.
Your spell library contained the following spells:

 Spells                   Type           Power      Damage    Failure   Level
 Apportation              Tloc           0%         N/A       95%         1
 Magic Dart               Conj           0%         1d3       95%         1
 Poisonous Vapours        Pois/Air       0%         N/A       99%         2
 Searing Ray              Conj           0%         2d4       99%         2
 Hailstorm                Conj/Ice       0%         3d3       100%        3
 Ozocubu's Armour         Ice            0%         N/A       100%        3
 Volatile Blastmotes      Fire/Tloc      0%         2d10      100%        3
 Fulminant Prism          Conj/Hex       0%         3d5       100%        4
 Ice Form                 Ice/Tmut       0%         N/A       100%        4
 Iskenderun's Mystic Bla  Conj/Tloc      0%         2d3       100%        4
 Passage of Golubria      Tloc           0%         N/A       100%        4
 Alistair's Intoxication  Tmut/Pois      0%         N/A       100%        5
 Blade Hands              Tmut           0%         N/A       100%        5
 Freezing Cloud           Conj/Ice/Air   0%         6-21      100%        5
 Irradiate                Conj/Tmut      0%         3d11      100%        5
 Lee's Rapid Deconstruct  Erth           0%         3d4*      100%        5
 Metabolic Englaciation   Hex/Ice        0%         N/A       100%        5
 Silence                  Hex/Air        0%         N/A       100%        5
 Dragon Form              Tmut           0%         N/A       100%        7
 Lehudib's Crystal Spear  Conj/Erth      0%         10d2      100%        8
 Summon Ice Beast         Ice/Summ       Unusable   N/A       N/A         4
 Simulacrum               Ice/Necr       Unusable   N/A       N/A         6

Dungeon Overview and Level Annotations

Branches:
Dungeon (12/15)            Temple (1/1) D:5            Lair (4/5) D:10
 Shoals (0/4) Lair:2        Snake (0/4) Lair:2          Orc (2/2) D:9
    Elf (0/3) Orc:2        Bailey (visited)         Volcano (visited)
  Slime: Lair:4-5

Altars:
Ashenzari
Cheibriados
Dithmenos
Elyvilon
Fedhas
Hepliaklqana
Makhleb
Nemelex Xobeh
Okawaru
Qazlal
Ru
Trog
Vehumet
Wu Jian
Xom
Yredelemnul
Zin
The Shining One

Shops:
D:12 =:**?   Orc:2 *

Annotations:
D:2 1 runed translucent door, Crazy Yiuf
D:9 1 runed translucent door, baghtru's ghost, novice HOFi
D:12 2 transporters, raetorn's ghost, journeyman MfTm
Lair:3 1 runed translucent door, Juurud's ghost, journeyman MfGl
Orc:1 1 runed translucent door, kalagan's ghost, journeyman DECj
Orc:2 Nessos


Innate Abilities, Weirdness & Mutations

You have a pair of horns on your head.
You reflexively headbutt those who attack you in melee.


Message History

You feel sick.
Nessos casts a spell.
Nessos blinks!
Nessos shoots an arrow.
The arrow hits you.
* * * LOW HITPOINT WARNING * * *
You finish putting on your amulet of reflection.
You feel a shielding aura gather around you.
B - an amulet of reflection (around neck)
You feel better.
Nessos shoots an arrow.
You block the arrow with an invisible shield... and reflect it back!
The arrow hits Nessos!
The arrow burns Nessos.
Nessos is poisoned.
Nessos intently looks at you, slowly moving their tail.
Nessos shoots an arrow.
The arrow misses you.
You feel much better.
Nessos pounds the earth with their hooves.
Nessos shoots an arrow.
You block the arrow with an invisible shield... and reflect it back!
The arrow barely misses Nessos.
Nessos shoots an arrow.
The arrow hits you.
You are poisoned.
Unknown command.
You feel sick.
Nessos shoots an arrow.
The arrow hits you but does no damage.
Nessos shoots an arrow.
You block the arrow with an invisible shield... and reflect it back!
The arrow barely misses Nessos.
You feel sick.
Nessos shoots an arrow.
The arrow hits you!
* * * LOW HITPOINT WARNING * * *
The arrow burns you.
* * * LOW HITPOINT WARNING * * *
Nessos shoots an arrow.
You block the arrow with an invisible shield... and reflect it back!
The arrow hits Nessos!
The arrow burns Nessos.
You feel sick.
Nessos shoots an arrow.
The arrow hits you!
* * * LOW HITPOINT WARNING * * *
The arrow burns you.
You are lethally poisoned!
* * * LOW HITPOINT WARNING * * *
Nessos shoots an arrow.
You block the arrow with an invisible shield... and reflect it back!
The arrow barely misses Nessos.
You feel better.
Nessos shoots an arrow.
The arrow hits you!!
You die...

....................,,,,*
.......................#*
........................*
........................*
.................$......*
#................c......*
##.....................#*
,##.........$..........#
.,#.))..........@......#*
..##....................*
...#.)..................*
....)...................*
...)....................*
........................*
........................*
.......................#*
........................*


You could see Nessos (fast, very poisoned).

Vanquished Creatures
  Snorg (Orc:2)
  Harold (Lair:2)
  Erolcha (Orc:2)
  A hydra (Lair:2)
  A boulder beetle (Lair:2)
  A dancing weapon (Volcano)
  2 two-headed ogres
  10 death yaks
  2 orc high priests
  Urug (Orc:1)
  A skyshark (Lair:2)
  A necromancer (D:10)
  A lindwurm (Lair:2)
  5 wizards (Volcano)
  2 orc knights
  An orc sorcerer (Orc:2)
  A cyclops (D:12)
  A manticore (D:10)
  An ugly thing (D:12)
  5 toenail golems (Volcano)
  A merfolk siren (Lair:2)
  A black mamba (Lair:1)
  6 elephants (Lair:1)
  An unseen horror (D:10)
  6 cane toads
  2 rime drakes
  A komodo dragon (D:10)
  3 trolls
  Grinder (D:6)
  2 polar bears (Lair:2)
  Prince Ribbit (D:7)
  3 slime creatures (D:12)
  A shadow (D:10)
  2 wyverns
  41 yaks
  6 spriggans
  3 wraiths
  A water elemental (D:12)
  3 basilisks
  A steam dragon (D:10)
  2 wargs
  3 vampire mosquitoes (D:11)
  3 nagas (Lair:2)
  3 acid dragons
  Duvessa (D:6)
  6 water moccasins
  13 orc warriors
  A hornet zombie (D:7)
  2 ice beasts
  3 black bears
  12 ogres
  A sky beast (D:7)
  14 wolves
  4 centaurs
  A kobold brigand (D:10)
  14 bullfrogs
  3 scorpions
  A gnoll sergeant (D:8)
  A water moccasin zombie (D:7)
  Dowan (D:6)
  16 wights
  11 killer bees
  2 howler monkeys (D:10)
  10 electric eels
  2 centaur zombies (D:7)
  3 jellies
  3 sleepcaps (D:6)
  9 orc priests
  2 gnoll boudas
  3 hounds
  An iguana (D:5)
  12 orc wizards
  5 hell rats (Lair:2)
  3 polar bear simulacra (D:10)
  A yak simulacrum (D:10)
  3 killer bee zombies (D:7)
  4 wolf simulacra (D:10)
  2 howler monkey zombies (D:7)
  27 gnolls
  10 adders
  4 white imps
  An ufetubus (D:5)
  2 worms
  47 orcs
  6 bats
  9 endoplasms
  5 giant cockroaches
  9 goblins
  5 hobgoblins
  12 jackals
  7 kobolds
  3 quokkas
  5 ball pythons
  5 frilled lizards
  8 rats
  3 river rat simulacra (D:10)
475 creatures vanquished.

Vanquished Creatures (others)
  A vampire mosquito (D:12)
  An ufetubus (D:4)
  2 orcs
4 creatures vanquished.

Grand Total: 479 creatures vanquished

Notes
Turn   | Place    | Note
-------+----------+-------------------------------------------
     0 | D:1      | Peloso the Minotaur Fighter began the quest for the Orb.
     0 | D:1      | Reached XP level 1. HP: 19/19 MP: 0/0
   447 | D:1      | Found a faded altar of an unknown god.
   462 | D:1      | Reached XP level 2. HP: 22/27 MP: 1/1
   890 | D:2      | Reached XP level 3. HP: 33/33 MP: 2/2
   913 | D:2      | Reached skill level 3 in Long Blades
  1116 | D:2      | Reached XP level 4. HP: 41/41 MP: 3/3
  1153 | D:2      | Reached skill level 4 in Long Blades
  1157 | D:2      | Reached skill level 1 in Dodging
  1310 | D:2      | Found a runed translucent door.
  1311 | D:2      | Noticed Crazy Yiuf
  2102 | D:3      | Reached XP level 5. HP: 45/47 MP: 4/4
  2153 | D:3      | Identified the +1 mace of the Gloaming {drain, rPois Str+3}
  2594 | D:3      | Found a hazy altar of Hepliaklqana.
  2643 | D:3      | Noticed a centaur
  2650 | D:3      | Killed a centaur
  2651 | D:3      | Reached skill level 5 in Long Blades
  2651 | D:3      | Reached skill level 5 in Armour
  2651 | D:3      | Reached XP level 6. HP: 21/55 MP: 5/5
  3487 | D:4      | Found a radiant altar of Vehumet.
  3801 | D:4      | Found a large runed translucent door.
  3801 | D:4      | Identified the +5 leather armour of the Harvest Moon
                  | {Will+}
  3804 | D:4      | Found a large runed translucent door.
  4014 | D:4      | Reached skill level 5 in Fighting
  4123 | D:4      | Found a white marble altar of Elyvilon.
  4128 | D:4      | Found a shimmering altar of Xom.
  4228 | D:5      | Entered Level 5 of the Dungeon
  4231 | D:5      | Found a staircase to the Ecumenical Temple.
  4253 | D:5      | Reached skill level 6 in Long Blades
  4253 | D:5      | Reached XP level 7. HP: 47/61 MP: 4/6
  4259 | Temple   | Entered the Ecumenical Temple
  4316 | Temple   | Became a worshipper of Warmaster Okawaru
  4447 | D:5      | Reached skill level 5 in Shields
  4682 | D:5      | Reached skill level 7 in Long Blades
  4737 | D:5      | Reached * piety under Okawaru
  5091 | D:6      | Noticed Dowan
  5109 | D:6      | Killed Dowan
  5118 | D:6      | Noticed Duvessa
  5135 | D:6      | Killed Duvessa
  5136 | D:6      | Reached skill level 8 in Long Blades
  5136 | D:6      | Reached XP level 8. HP: 27/70 MP: 2/7
  5309 | D:6      | Found a glowing golden altar of the Shining One.
  5348 | D:6      | Reached skill level 1 in Invocations
  5640 | D:6      | Reached ** piety under Okawaru
  5654 | D:6      | Noticed Grinder
  5673 | D:6      | Killed Grinder
  6149 | D:7      | Reached skill level 9 in Long Blades
  6379 | D:7      | Reached XP level 9. HP: 60/72 MP: 6/9
  6417 | D:7      | Found a sparkling altar of Nemelex Xobeh.
  6738 | D:7      | You fall into a shaft and drop 1 floor!
  6803 | D:8      | Reached skill level 10 in Long Blades
  7028 | D:8      | Found a flagged portal.
  7065 | Bailey   | Entered a bailey
  7171 | Bailey   | Reached skill level 11 in Long Blades
  7184 | Bailey   | Reached XP level 10. HP: 39/86 MP: 6/11
  7379 | Bailey   | Noticed a two-headed ogre
  7389 | Bailey   | Killed a two-headed ogre
  7624 | Bailey   | Reached *** piety under Okawaru
  7847 | Bailey   | Identified the +4 glaive of Strategic Superiority {flame,
                  | rF+ rN++}
  8581 | D:7      | Noticed Prince Ribbit
  8611 | D:7      | Killed Prince Ribbit
  9258 | D:9      | Reached skill level 12 in Long Blades
  9258 | D:9      | Found a staircase to the Orcish Mines.
  9372 | D:9      | Found a runed translucent door.
  9372 | D:9      | Found a shimmering altar of Xom.
  9372 | D:9      | Noticed baghtru's ghost (novice HOFi)
  9372 | D:9      | Noticed a +1 long sword of chaos
  9421 | D:9      | Reached skill level 10 in Armour
  9428 | D:9      | Reached **** piety under Okawaru
  9429 | D:9      | Reached skill level 1 in Stealth
  9446 | D:9      | Reached skill level 1 in Evocations
  9868 | D:10     | Entered Level 10 of the Dungeon
  9891 | D:10     | Reached XP level 11. HP: 73/95 MP: 10/12
 10174 | D:10     | Found a staircase to the Lair.
 10174 | D:10     | Noticed a death yak
 10174 | D:10     | Noticed a death yak
 10202 | D:10     | Noticed a death yak
 10235 | D:10     | Killed a death yak
 10414 | D:10     | Noticed a death yak
 10416 | D:10     | Noticed a death yak
 10445 | D:10     | Killed a death yak
 10445 | D:10     | Reached ***** piety under Okawaru
 10446 | D:10     | Reached skill level 13 in Long Blades
 10455 | D:10     | Killed a death yak
 10459 | D:10     | Noticed a death yak
 10641 | D:10     | Noticed a death yak
 10655 | D:10     | Killed a death yak
 10668 | D:10     | Killed a death yak
 10696 | D:9      | Killed a death yak
 10885 | D:10     | Killed a death yak
 11409 | D:10     | Noticed a two-headed ogre
 11416 | D:10     | Killed a two-headed ogre
 11417 | D:10     | Reached skill level 14 in Long Blades
 11749 | D:10     | Noticed a necromancer
 11756 | D:10     | Reached skill level 10 in Fighting
 11766 | D:10     | Killed a necromancer
 12401 | D:10     | Identified the +4 longbow of Death's Door {drain, rF- Str+6
                  | Dex-2} (Okawaru gifted it to you on level 10 of the
                  | Dungeon)
 12401 | D:10     | Received a gift from Okawaru
 12444 | D:10     | Found a broken altar of Ashenzari.
 12452 | D:10     | Found an ornate altar of the Wu Jian Council.
 12454 | D:10     | Found a sacrificial altar of Ru.
 12457 | D:10     | Found a shadowy altar of Dithmenos.
 12459 | D:10     | Found a snail-covered altar of Cheibriados.
 12754 | D:11     | Reached XP level 12. HP: 102/107 MP: 13/13
 12814 | D:11     | Found a flickering gateway to a bazaar.
 12851 | Bazaar   | Entered a bazaar
 12856 | Bazaar   | Found Woosmastrij's Jewellery Shop.
 12888 | Bazaar   | Found Uganygg's Antique Armour Shop.
 12928 | Bazaar   | Bought a pair of faintly humming gloves for 180 gold pieces
 12928 | Bazaar   | Identified the +0 pair of gloves of the Griffon {-Cast
                  | rElec rPois SInv} (You bought it in a shop in a bazaar)
 13656 | Lair:1   | Entered Level 1 of the Lair of Beasts
 13916 | Lair:1   | Got the Codex of Arctic Poison
 14019 | Lair:1   | Reached skill level 5 in Dodging
 14157 | Lair:1   | Reached skill level 10 in Shields
 14796 | Lair:2   | Found a staircase to the Snake Pit.
 14964 | Lair:2   | Received a gift from Okawaru
 14995 | Lair:2   | Noticed a five-headed hydra
 15046 | Lair:2   | Killed a five-headed hydra
 15057 | Lair:2   | Reached skill level 15 in Long Blades
 15175 | Lair:2   | Noticed Harold
 15176 | Lair:2   | Noticed a boulder beetle
 15187 | Lair:2   | Killed Harold
 15221 | Lair:2   | Killed a boulder beetle
 15221 | Lair:2   | Identified the +6 double sword of Valiance {pain, rElec
                  | Will+++ MP-9 Int+3} (Okawaru gifted it to you on level 2 of
                  | the Lair of Beasts)
 15221 | Lair:2   | Received a gift from Okawaru
 15222 | Lair:2   | Reached skill level 1 in Maces & Flails
 15358 | Lair:2   | Reached XP level 13. HP: 84/116 MP: 6/15
 15466 | Lair:2   | Found a staircase to the Shoals.
 16020 | Lair:3   | You fall into a shaft and drop 1 floor!
 16163 | Lair:3   | Reached ****** piety under Okawaru
 16176 | Lair:3   | Identified the +2 pair of gloves of Imeedapp {rElec Regen+
                  | Int-4 Stlth-} (Okawaru gifted it to you on level 3 of the
                  | Lair of Beasts)
 16176 | Lair:3   | Received a gift from Okawaru
 16341 | Lair:3   | Found a runed translucent door.
 16341 | Lair:3   | Noticed Juurud's ghost (journeyman MfGl)
 16991 | D:12     | Found Kegaloq's Jewellery Boutique.
 16996 | D:12     | Found Zokeu's Book Shoppe.
 17369 | D:12     | Noticed raetorn's ghost (journeyman MfTm)
 17370 | D:12     | Found a bloodstained altar of Trog.
 17375 | D:12     | Found a transporter.
 17378 | D:12     | Found a transporter.
 17482 | D:12     | Found Hivilics's General Store.
 17612 | D:12     | Found Ychue's Assorted Antiques.
 17618 | D:12     | Bought a scroll labelled ICIUCR IBBUTY for 28 gold pieces
 17618 | D:12     | Bought a scroll of identify for 56 gold pieces
 17959 | D:12     | Found Heime's Magic Scroll Shoppe.
 17967 | D:12     | Bought a scroll of acquirement for 728 gold pieces
 17967 | D:12     | Bought a scroll of magic mapping for 105 gold pieces
 18095 | Orc:1    | Entered Level 1 of the Orcish Mines
 18095 | Orc:1    | Noticed Urug
 18110 | Orc:1    | Killed Urug
 18328 | Orc:1    | Reached skill level 16 in Long Blades
 18422 | Orc:1    | Found a runed translucent door.
 18638 | Orc:1    | Noticed kalagan's ghost (journeyman DECj)
 18658 | Orc:2    | Entered Level 2 of the Orcish Mines
 18660 | Orc:2    | Found a burning altar of Makhleb.
 18683 | Orc:2    | Found Komepp's General Store.
 18707 | Orc:2    | Found a dark tunnel.
 18728 | Volcano  | Entered a volcano
 18879 | Volcano  | Received a gift from Okawaru
 19342 | Orc:2    | Noticed Erolcha
 19351 | Orc:2    | Killed Erolcha
 19356 | Orc:2    | Reached XP level 14. HP: 130/130 MP: 5/16
 19609 | Orc:2    | Noticed Snorg
 19630 | Orc:2    | Killed Snorg
 19708 | Orc:2    | Noticed Nessos
 19728 | Orc:2    | Shot with an arrow by Nessos

Illustrated notes

Levels and vault maps discovered:
D:1:      minmay_arrival_up_and_down, layout_basic,
          shapermc_ecumenical_altar_venn
D:2:      layout_loops_ring, chequers_serial_rivers_small_b,
          kennysheep_generic_room_6, uniq_crazy_yiuf_cottage
D:3:      layout_basic, mainiacjoe_overflow_alcove_4
D:4:      layout_loops_cross, vehumet_altar_wand_db, jmf_multi_god_temple2
D:5:      layout_basic, minmay_temple_entry_statues_fountains
D:6:      layout_basic, tso_altar, kennysheep_generic_room_5, uniq_duvessa,
          uniq_grinder
D:7:      cheibrodos_helix_gallery, layout_basic,
          nemelex_xobeh_ov_fountains_minmay, serial_undead, serial_undead_a,
          serial_undead_f, serial_undead_f, serial_undead_d, serial_undead_b,
          serial_undead_f, uniq_prince_ribbit1
D:8:      layout_basic, enter_bailey_5
D:9:      layout_roguey, david_orc_2, ebering_ghost_xom
D:10:     minmay_razor_zed, layout_irregular_city, minitemple,
          dpeg_lair_monsters, st_stairs_6, minmay_misc_feat_x,
          eino_house_with_fridge
D:11:     layout_loops_cross, serial_shops, bzr_entry_lakeside
D:12:     layout_basic, gammafunk_ghost_wrathful_warriors, serial_shops, shop,
          shop, nicolae_shop_gaudy_bauble, shop_statue, nicolae_diamond_shop
Temple:   chequers_temple_sunken
Lair:1:   layout_long_grid, serial_bayou_lake_a, grunt_megastairs_1,
          serial_bayou_shore_a
Lair:2:   layout_chaotic_city, elwin_shoals_entry_rooms,
          guppyfry_snake_entry_garden, grunt_forest_stairs_clearing,
          grunt_megastairs_4, serial_bayou_shore_b, uniq_harold
Lair:3:   layout_regular_city, hellmonk_ghost_happy_afterlife,
          grunt_megastairs_5
Lair:4:   dreamdust_isle_of_ice, layout_regular_city, slime_entry_1,
          serial_bayou_lagoon_b, infiniplex_staircase_pool_2
Orc:1:    layout_caves, ebering_ghost_reflecting_pool, uniq_urug
Orc:2:    grunt_orc_tribal_feast, layout_caves, nicolae_volcano_entry_two_sided,
          serial_shops, shop, bloody_makhleb, uniq_erolcha, uniq_nessos,
          uniq_snorg

Skill      XL: |  1  2  3  4  5  6  7  8  9 10 11 12 13 14 |
---------------+-------------------------------------------+-----
Armour         | 4 5 6 7 8 10 11 12 13 14 | 14.0
Fighting       | 4 5 6 7 8 10 12 13 14 | 14.0
Long Blades    | 3 4 5 6 8 9 11 12 14 15 16 | 16.5
Dodging        | 1 2 3 4 5 6 |  6.5
Shields        | 4 5 6 7 8 9 11 12 | 12.3
Invocations    | 2 3 4 |  4.3
Stealth        | 1 2 |  2.1
Evocations     | 1 |  1.1
Maces & Flails | 1 |  1.4

Action                     |  1- 3 |  4- 6 |  7- 9 | 10-12 | 13-15 || total
---------------------------+-------+-------+-------+-------+-------++-------
  Melee: Long sword        |    92 |   139 |   325 |   831 |       ||  1387
         Headbutt          |    11 |    31 |    75 |   231 |   100 ||   448
         Whip              |       |       |       |     9 |       ||     9
         Double sword      |       |       |       |     7 |   444 ||   451
 Invoke: Heroism           |       |       |    14 |    17 |     4 ||    35
  Evoke: Wand              |       |       |     3 |     7 |       ||    10
    Use: Potion            |     2 |     3 |     2 |     2 |     4 ||    13
         Scroll            |     1 |     9 |     3 |     6 |     5 ||    24
 Armour: Scale mail        |    47 |    33 |       |       |       ||    80
         Chain mail        |       |    29 |   147 |   296 |   177 ||   649
         Plate armour      |       |    11 |     2 |       |       ||    13
  Dodge: Dodged            |    49 |    59 |   142 |   260 |   196 ||   706
  Block: Buckler           |    16 |    52 |   109 |   307 |   164 ||   648
         Kite shield       |       |       |       |       |    58 ||    58
         Reflection        |       |       |       |       |     5 ||     5
